 Dungeon Crawl Stone Soup version 0.18-a0-750-g37044d6 (webtiles) character file.

154 cluie the Insei (level 5, 0/39 HPs)
             Began as a Demonspawn Transmuter on Dec 11, 2015.
             Slain by a hobgoblin (1 damage)
             ... on level 3 of the Dungeon.
             The game lasted 00:06:16 (2692 turns).

cluie the Insei (Demonspawn Transmuter)             Turns: 2692, Time: 00:06:16

Health: 0/39       AC:  7    Str: 14    XL:     5   Next: 13%
Magic:  2/8        EV: 12    Int: 17    God:
Gold:   127        SH:  4    Dex: 14    Spells: 2 memorised, 5 levels left

rFire  . . .     SeeInvis .       - Unarmed
rCold  . . .     Clarity  .     b - +0 robe
rNeg   . . .     SustAt   .     f - +1 buckler {AC+3}
rPois  .         Gourm    .     p - +0 helmet
rElec  .         Spirit   .     (no cloak)
rCorr  .         Dismiss  .     (no gloves)
rMut   .         Stasis   .     (no boots)
MR     .....                    (no amulet)
Stlth  +.........               x - ring of wizardry
                                m - +4 ring of strength

@: lethally poisoned (0 -> -4), very slightly contaminated, not resistant to
hostile enchantments, very unstealthy
A: claws 1, rugged brown scales 1, clever 1, deterioration 1, screaming 1
a: no special abilities


You were on level 3 of the Dungeon.
You were not hungry.

You visited 1 branch of the dungeon, and saw 3 of its levels.

You collected 127 gold pieces.

Inventory:

Hand Weapons
 v - a +0 blowgun
Missiles
 a - 81 arrows
 w - 11 poisoned needles
Armour
 b - a +0 robe (worn)
 f - a +1 buckler of protection (worn)
 p - a +0 helmet (worn)
Jewellery
 m - a +4 ring of strength (left claw)
 x - a ring of wizardry (right claw)
Wands
 u - a wand of flame (13)
Scrolls
 h - 3 scrolls of amnesia {unknown}
 i - a scroll of random uselessness {unknown}
 l - 2 scrolls of magic mapping {unknown}
 o - a scroll of recharging {unknown}
Potions
 j - a potion of mutation
 r - 2 potions of resistance
 s - a potion of poison
Books
 c - a book of Changes

   Spells                             Type                      Level
   a - Beastly Appendage              Transmutation                1
   b - Sticks to Snakes               Transmutation                2
   c - Spider Form                    Transmutation/Poison         3
   d - Ice Form                       Ice/Transmutation            4
   e - Blade Hands                    Transmutation                5
Comestibles
 d - 4 bread rations
 k - a beef jerky
 n - a meat ration


   Skills:
 + Level 2.1 Fighting
 * Level 3.3 Dodging
 * Level 4.0 Unarmed Combat
 - Level 2.0 Spellcasting
 - Level 1.7 Transmutations


You had 5 spell levels left.
You knew the following spells:

 Your Spells              Type           Power        Failure   Level  Hunger
a - Beastly Appendage     Trmt           #.....       7%          1    #......
b - Sticks to Snakes      Trmt           #.......     12%         2    ###....


Dungeon Overview and Level Annotations

Branches:
Dungeon (3/15)

Altars:
Elyvilon
Fedhas
Gozag
Okawaru
Zin

Shops:
D:2 *


Innate Abilities, Weirdness & Mutations

You are partially covered in rugged brown scales (AC +1, +3% HP).
You have sharp fingernails.
Your mind is acute. (Int +2)
Your body sometimes deteriorates upon taking damage.
You occasionally shout uncontrollably at your foes.


Message History

The adder bites you but does no damage.
You feel sick. The adder bites you but does no damage.
You feel sick.
The goblin unwields an uncursed club.
The goblin wields an uncursed hunting sling.
The goblin shoots a stone.
The stone hits you but does no damage.
You see here a stone.
Drink which item? (? for menu, Esc to quit)
You feel extremely strange.
Your fingernails lengthen.
Your vision sharpens.
You feel yourself wasting away. The adder bites you.
* * * LOW HITPOINT WARNING * * *
You are more poisoned.
The adder poisons you!
Drink which item? (? for menu, Esc to quit)
You feel extremely strange.
Your vision seems duller.
You feel clever.
You feel the urge to shout. The adder closely misses you.
The hobgoblin hits you.
You die...

....#.#._.#..##...
#####..#.#...#
#####....#....# #
............g## ..
####.........####.##
.........o........>.
###....r....##..###
#...)Sg...#..##..
#...)@..........#
#.....)......####
#....<....##.....
#....[....# ###..
#.).......# .
###########


You could see an adder, an orc, a hobgoblin, a goblin and a rat.

Vanquished Creatures
  An orc wizard (D:2)
  5 adders (D:2)
  An ooze (D:1)
  2 orcs
  A ball python (D:2)
  4 bats
  2 giant cockroaches
  5 goblins
  8 hobgoblins
  6 kobolds
  A giant newt (D:3)
  3 jackals (D:1)
  9 rats
48 creatures vanquished.

Vanquished Creatures (collateral kills)
  An orc wizard (D:2)
  2 adders (D:2)
  A worm (D:2)
4 creatures vanquished.

Grand Total: 52 creatures vanquished

Notes
Turn   | Place    | Note
--------------------------------------------------------------
     0 | D:1      | cluie the Demonspawn Transmuter began the quest for the Orb.
     0 | D:1      | Reached XP level 1. HP: 15/15 MP: 3/3
   239 | D:1      | Gained mutation: You are partially covered in rugged brown scales (AC +1, +3% HP). [demonic ancestry]
   239 | D:1      | Reached XP level 2. HP: 15/21 MP: 3/5
   488 | D:1      | Reached skill level 3 in Unarmed Combat
   699 | D:1      | Reached XP level 3. HP: 24/26 MP: 6/6
   897 | D:2      | Found a white marble altar of Elyvilon.
   905 | D:2      | Learned a level 2 spell: Sticks to Snakes
  1032 | D:2      | Found Zin's Purification Station.
  1034 | D:2      | Found a glowing silver altar of Zin.
  1388 | D:2      | Found an opulent altar of Gozag.
  1762 | D:2      | Reached XP level 4. HP: 20/33 MP: 2/7
  1821 | D:2      | Found a blossoming altar of Fedhas.
  2027 | D:3      | Found an iron altar of Okawaru.
  2414 | D:2      | Reached skill level 4 in Unarmed Combat
  2414 | D:2      | Reached XP level 5. HP: 8/39 MP: 4/8
  2691 | D:3      | Gained mutation: You have sharp fingernails. [potion of mutation]
  2691 | D:3      | Gained mutation: You have supernaturally acute eyesight. [potion of mutation]
  2691 | D:3      | Gained mutation: Your body sometimes deteriorates upon taking damage. [potion of mutation]
  2691 | D:3      | HP: 1/39 [adder (3)]
  2692 | D:3      | Lost mutation: You have supernaturally acute eyesight. [potion of mutation]
  2692 | D:3      | Gained mutation: Your mind is acute. (Int +2) [potion of mutation]
  2692 | D:3      | Gained mutation: You occasionally shout uncontrollably at your foes. [potion of mutation]
  2692 | D:3      | Slain by a hobgoblin

Vault maps used:
D:1:      dpeg_arrival_ratfight
D:2:      marbit_many_paths, zin_purify, lemuel_doored_altar,
          nicolae_overflow_hidden_temple, first_bread
D:3:      xom_teletrap_fun, amethyst_overflow_temple_binary,
          okawaru_metal_pillars_3, nrook_mini_vaults,
          nemelex_xobeh_ov_fountains_minmay

Action                   |  1- 3 |  4- 6 || total
-------------------------+-------+-------++-------
Melee: Unarmed           |   188 |   105 ||   293
 Cast: Beastly Appendage |     4 |     2 ||     6
       Sticks to Snakes  |     9 |     5 ||    14
Evoke: Wand              |       |     2 ||     2
  Use: Scroll            |     4 |     1 ||     5
       Potion            |       |     7 ||     7
 Stab: Sleeping          |     1 |       ||     1
  Eat: Chunk             |     3 |     4 ||     7
